TOP OF THE 1ST |
West Virginia Power batting - Pitching for Greensboro Grasshoppers : RHP Jorge Lopez
|
Pitching: RHP Jorge Lopez
|
|
Batting: RHB Perry Dominey
|
0-0: Ball 1-0: Called Strike 1-1: Ball 2-1: Swinging Strike 2-2: Ball 3-2: Strikes out swinging
|
Batting: LHB Randy Boone
|
0-0: Called Strike 0-1: Ball 1-1: Foul Ball, location: 2F 1-2: Ground out 6-3 (Groundball, 6S, EV 85.0 MPH)
|
Batting: RHB Mike Velazquez
|
0-0: Called Strike 0-1: Foul Ball, location: 2F 0-2: SINGLE (Groundball, 6MD, EV 94.4 MPH)
|
Batting: LHB Gregg Kellerman
|
0-0: Ground out 1-3 (Groundball, 15, EV 65.6 MPH)
|
Top of the 1st over - 0 runs, 1 hit, 0 errors, 1 left on base; West Virginia 0 - Greensboro 0 |
BOTTOM OF THE 1ST |
Greensboro Grasshoppers batting - Pitching for West Virginia Power : RHP Eric Bourque
|
Pitching: RHP Eric Bourque
|
|
Batting: LHB David Doge
|
0-0: Foul Ball, location: 2F 0-1: DOUBLE (Line Drive, 89D, EV 110.6 MPH)
|
Batting: RHB Akira Suzuki
|
0-0: Ball 1-0: Ball 2-0: Called Strike 2-1: SINGLE (Line Drive, 6MD, EV 103.8 MPH) David Doge to third
|
Batting: RHB Manuel Taveras
|
0-0: Ball 1-0: Fielders Choice at 2nd, 4-6 (Groundball, 4, EV 90.0 MPH) David Doge scores
|
Batting: SHB Matt Moore
|
0-0: Ball 1-0: Swinging Strike 1-1: Called Strike 1-2: Ball 2-2: Strikes out swinging
|
Batting: RHB Nate Crofts
|
0-0: Called Strike 0-1: Ball 1-1: Ball 2-1: Foul Ball, location: 2F 2-2: Strikes out swinging
|
Bottom of the 1st over - 1 run, 2 hits, 0 errors, 1 left on base; West Virginia 0 - Greensboro 1 |
TOP OF THE 2ND |
West Virginia Power batting - Pitching for Greensboro Grasshoppers : RHP Jorge Lopez
|
Batting: LHB Tomohiro Yokoyama
|
0-0: Called Strike 0-1: Ball 1-1: Hit by Pitch
|
Batting: RHB Jaime Dubicki
|
0-0: Called Strike 0-1: Ball 1-1: Ball 2-1: Ball 3-1: Foul Ball, location: 2F 3-2: Foul Ball, location: 2F 3-2: Foul Ball, location: 2F 3-2: Strikes out swinging
|
Batting: LHB Josh Aerni
|
0-0: Called Strike 0-1: Ball 1-1: Swinging Strike 1-2: Strikes out swinging
|
Batting: RHB John DeVillier
|
0-0: Foul Ball, location: 2F 0-1: Ground out 4-3 (Groundball, 34S, EV 78.1 MPH)
|
Top of the 2nd over - 0 runs, 0 hits, 0 errors, 1 left on base; West Virginia 0 - Greensboro 1 |
BOTTOM OF THE 2ND |
Greensboro Grasshoppers batting - Pitching for West Virginia Power : RHP Eric Bourque
|
Batting: RHB Larry LeFever
|
0-0: Fly out, F7 (Flyball, 78M, EV 86.9 MPH)
|
Batting: LHB Jose Cabello
|
0-0: Called Strike 0-1: Called Strike 0-2: Ball 1-2: Strikes out swinging
|
Batting: RHB Chris Alft
|
0-0: Ball 1-0: Ball 2-0: Ground out 6-3 (Groundball, 6S, EV 83.8 MPH)
|
Bottom of the 2nd over - 0 runs, 0 hits, 0 errors, 0 left on base; West Virginia 0 - Greensboro 1 |
TOP OF THE 3RD |
West Virginia Power batting - Pitching for Greensboro Grasshoppers : RHP Jorge Lopez
|
Batting: LHB Donald Imre
|
0-0: Foul Ball, location: 2F 0-1: DOUBLE (Line Drive, 7LS, EV 96.9 MPH)
|
Batting: RHB Perry Dominey
|
0-0: Called Strike 0-1: Ball 1-1: Swinging Strike 1-2: Ball 2-2: Strikes out swinging
|
Batting: LHB Randy Boone
|
0-0: Called Strike 0-1: Ball 1-1: Fly out, F5 (Popup, 25F, EV 72.5 MPH)
|
Batting: RHB Mike Velazquez
|
0-0: Ball 1-0: Ball 2-0: Ball 3-0: Called Strike 3-1: Base on Balls
|
Batting: LHB Gregg Kellerman
|
0-0: Ball 1-0: Swinging Strike 1-1: Ball 2-1: Ball 3-1: DOUBLE (Line Drive, 89D, EV 111.9 MPH) Donald Imre scores Mike Velazquez to third
|
Batting: LHB Tomohiro Yokoyama
|
0-0: Reached on error, E5 (Groundball, 56, EV 88.1 MPH) Mike Velazquez scores Gregg Kellerman scores
|
Batting: RHB Jaime Dubicki
|
0-0: Ball 1-0: Called Strike 1-1: Ball Wild Pitch! Tomohiro Yokoyama to third 2-1: Ball Wild Pitch! Tomohiro Yokoyama scores 3-1: SINGLE (Groundball, 56, EV 105.0 MPH)
|
Batting: LHB Josh Aerni
|
Pickoff Throw to First - Out! 1-3
|
Top of the 3rd over - 4 runs, 3 hits, 1 error, 0 left on base; West Virginia 4 - Greensboro 1 |
BOTTOM OF THE 3RD |
Greensboro Grasshoppers batting - Pitching for West Virginia Power : RHP Eric Bourque
|
Batting: RHB J.D. Vander Klok
|
0-0: Ball 1-0: Fly out, F7 (Flyball, 78S, EV 88.8 MPH)
|
Batting: LHB David Doge
|
0-0: Called Strike 0-1: Ball 1-1: Called Strike 1-2: Foul Ball, location: 2F 1-2: Strikes out looking
|
Batting: RHB Akira Suzuki
|
0-0: Called Strike 0-1: Ball 1-1: Foul Ball, location: 2F 1-2: Ball 2-2: Ball 3-2: Ground out 4-3 (Groundball, 34, EV 85.6 MPH)
|
Bottom of the 3rd over - 0 runs, 0 hits, 0 errors, 0 left on base; West Virginia 4 - Greensboro 1 |
TOP OF THE 4TH |
West Virginia Power batting - Pitching for Greensboro Grasshoppers : RHP Jorge Lopez
|
Batting: LHB Josh Aerni
|
0-0: Ball 1-0: Swinging Strike 1-1: Ball 2-1: Called Strike 2-2: Ball 3-2: Ground out 4-3 (Groundball, 34, EV 83.1 MPH)
|
Batting: RHB John DeVillier
|
0-0: Ball 1-0: Ball 2-0: Ground out 6-3 (Groundball, 6, EV 86.9 MPH)
|
Batting: LHB Donald Imre
|
0-0: Called Strike 0-1: Foul Ball, location: 2F 0-2: Strikes out swinging
|
Top of the 4th over - 0 runs, 0 hits, 0 errors, 0 left on base; West Virginia 4 - Greensboro 1 |
BOTTOM OF THE 4TH |
Greensboro Grasshoppers batting - Pitching for West Virginia Power : RHP Eric Bourque
|
Batting: RHB Manuel Taveras
|
0-0: Called Strike 0-1: Ball 1-1: Ball 2-1: Swinging Strike 2-2: Ground out 4-3 (Groundball, 4M, EV 88.8 MPH)
|
Batting: SHB Matt Moore
|
0-0: Ball 1-0: Foul Ball, location: 2F 1-1: Ground out 4-3 (Groundball, 4S, EV 83.8 MPH)
|
Batting: RHB Nate Crofts
|
0-0: Ground out 3-1 (Groundball, 34, EV 93.1 MPH)
|
Bottom of the 4th over - 0 runs, 0 hits, 0 errors, 0 left on base; West Virginia 4 - Greensboro 1 |
TOP OF THE 5TH |
West Virginia Power batting - Pitching for Greensboro Grasshoppers : RHP Jorge Lopez
|
Batting: RHB Perry Dominey
|
0-0: Called Strike 0-1: Ball 1-1: Ball 2-1: Swinging Strike 2-2: Strikes out looking
|
Batting: LHB Randy Boone
|
0-0: Ball 1-0: Ball 2-0: Ball 3-0: Called Strike 3-1: Swinging Strike 3-2: Ground out 4-3 (Groundball, 4S, EV 86.2 MPH)
|
Batting: RHB Mike Velazquez
|
0-0: Called Strike 0-1: Foul Ball, location: 2F 0-2: Ball 1-2: Strikes out looking
|
Top of the 5th over - 0 runs, 0 hits, 0 errors, 0 left on base; West Virginia 4 - Greensboro 1 |
BOTTOM OF THE 5TH |
Greensboro Grasshoppers batting - Pitching for West Virginia Power : RHP Eric Bourque
|
Batting: RHB Larry LeFever
|
0-0: Ball 1-0: Ball 2-0: Ball 3-0: Called Strike 3-1: Foul Ball, location: 2F 3-2: Base on Balls
|
Batting: LHB Jose Cabello
|
0-0: Ball Larry LeFever steals 2nd, throwing error, E2 Larry LeFever to third 1-0: Called Strike 1-1: Ground out 4-3 (Groundball, 4, EV 100.0 MPH) Larry LeFever scores
|
Batting: RHB Chris Alft
|
0-0: Ball 1-0: Called Strike 1-1: Fly out, F9 (Line Drive, 89M, EV 85.0 MPH)
|
Batting: RHB J.D. Vander Klok
|
0-0: Ground out 5-3 (Groundball, 56, EV 83.8 MPH)
|
Bottom of the 5th over - 1 run, 0 hits, 1 error, 0 left on base; West Virginia 4 - Greensboro 2 |
TOP OF THE 6TH |
West Virginia Power batting - Pitching for Greensboro Grasshoppers : RHP Jorge Lopez
|
Pitching: LHP Jerry Woods
|
|
Batting: LHB Gregg Kellerman
|
0-0: Swinging Strike 0-1: Called Strike 0-2: Ball 1-2: Ball 2-2: Strikes out swinging
|
Batting: LHB Tomohiro Yokoyama
|
0-0: Foul Ball, location: 2F 0-1: Swinging Strike 0-2: Ball 1-2: Foul Ball, location: 2F 1-2: Strikes out looking
|
Batting: RHB Jaime Dubicki
|
0-0: Ball 1-0: DOUBLE (Line Drive, 89D, EV 110.0 MPH)
|
Batting: LHB Josh Aerni
|
0-0: Ball 1-0: Foul Ball, location: 2F 1-1: Ball 2-1: Swinging Strike 2-2: Foul Ball, location: 2F 2-2: Ball 3-2: Foul Ball, location: 2F 3-2: Strikes out swinging
|
Top of the 6th over - 0 runs, 1 hit, 0 errors, 1 left on base; West Virginia 4 - Greensboro 2 |
BOTTOM OF THE 6TH |
Greensboro Grasshoppers batting - Pitching for West Virginia Power : RHP Eric Bourque
|
Batting: LHB David Doge
|
0-0: Called Strike 0-1: Ball 1-1: Ball 2-1: Ball 3-1: SINGLE (Line Drive, 8RS, EV 105.6 MPH)
|
Batting: RHB Akira Suzuki
|
0-0: Called Strike 0-1: Ball 1-1: Ball 2-1: Foul Ball, location: 2F 2-2: Strikes out swinging
|
Batting: RHB Manuel Taveras
|
0-0: Swinging Strike 0-1: Ball 1-1: Ball 2-1: Ball 3-1: Called Strike David Doge is caught stealing 2nd base 2-4 3-2: Fly out, F8 (Flyball, 8RD, EV 95.6 MPH)
|
Bottom of the 6th over - 0 runs, 1 hit, 0 errors, 0 left on base; West Virginia 4 - Greensboro 2 |
TOP OF THE 7TH |
West Virginia Power batting - Pitching for Greensboro Grasshoppers : LHP Jerry Woods
|
Pitching: LHP Geoff Goss
|
|
Batting: RHB John DeVillier
|
0-0: Ball 1-0: Called Strike 1-1: Ground out 5-3 (Groundball, 5S, EV 83.1 MPH)
|
Batting: LHB Donald Imre
|
0-0: Ball 1-0: SINGLE (Groundball, 6MS, EV 76.2 MPH) (infield hit)
|
Batting: RHB Perry Dominey
|
0-0: Swinging Strike 0-1: Ball 1-1: Ball 2-1: Foul Ball, location: 2F 2-2: Strikes out swinging
|
Batting: LHB Randy Boone
|
0-0: Ball 1-0: Foul Ball, location: 2F 1-1: Swinging Strike 1-2: Ball 2-2: Ball 3-2: Ground out 4-3 (Groundball, 34, EV 86.9 MPH)
|
Top of the 7th over - 0 runs, 1 hit, 0 errors, 1 left on base; West Virginia 4 - Greensboro 2 |
BOTTOM OF THE 7TH |
Greensboro Grasshoppers batting - Pitching for West Virginia Power : RHP Eric Bourque
|
Batting: SHB Matt Moore
|
0-0: Ball 1-0: Called Strike 1-1: Called Strike 1-2: Ball 2-2: Foul Ball, location: 2F 2-2: Ball 3-2: Base on Balls
|
Batting: RHB Nate Crofts
|
0-0: Foul Ball, location: 2F 0-1: Grounds into double play, 2-6-3 (Groundball, 2R, EV 62.5 MPH)
|
Batting: RHB Larry LeFever
|
0-0: Ball 1-0: Ball 2-0: Called Strike 2-1: Ball 3-1: DOUBLE (Flyball, 78XD, EV 93.8 MPH)
|
Batting: LHB Jose Cabello
|
0-0: Ball 1-0: Foul Ball, location: 2F 1-1: Foul Ball, location: 2F 1-2: Ball Wild Pitch! Larry LeFever to third 2-2: SINGLE (Groundball, 4D, EV 110.0 MPH) Larry LeFever scores
|
Batting: RHB Chris Alft
|
0-0: Ball 1-0: Ball 2-0: Foul Ball, location: 2F 2-1: Foul Ball, location: 2F 2-2: Ball 3-2: Ground out 5-3 (Groundball, 5L, EV 106.2 MPH)
|
Bottom of the 7th over - 1 run, 2 hits, 0 errors, 1 left on base; West Virginia 4 - Greensboro 3 |
TOP OF THE 8TH |
West Virginia Power batting - Pitching for Greensboro Grasshoppers : LHP Geoff Goss
|
Pitching: LHP Bryan Wedge
|
|
Batting: RHB Mike Velazquez
|
0-0: Ball 1-0: Ball 2-0: Called Strike 2-1: Swinging Strike 2-2: Ball 3-2: SINGLE (Groundball, 56D, EV 111.2 MPH)
|
Batting: LHB Gregg Kellerman
|
0-0: Ball 1-0: Called Strike 1-1: Ball 2-1: Ball 3-1: Base on Balls Mike Velazquez to second
|
Batting: LHB Tomohiro Yokoyama
|
0-0: Foul Ball, location: 2F 0-1: Called Strike 0-2: Ball 1-2: Strikes out swinging
|
Batting: RHB Jaime Dubicki
|
0-0: Foul Ball, location: 2F 0-1: Ball 1-1: SINGLE (Groundball, P, EV 88.8 MPH) (infield hit) Mike Velazquez to third Gregg Kellerman to second
|
Batting: RHB Seung-mun Kim
|
0-0: Ball 1-0: Foul Ball, location: 2F 1-1: Called Strike 1-2: Ball 2-2: Strikes out swinging
|
Batting: RHB John DeVillier
|
0-0: Called Strike 0-1: Ball 1-1: Ball 2-1: Foul Ball, location: 2F 2-2: Foul Ball, location: 2F 2-2: Fly out, F7 (Flyball, 7, EV 86.2 MPH)
|
Top of the 8th over - 0 runs, 2 hits, 0 errors, 3 left on base; West Virginia 4 - Greensboro 3 |
BOTTOM OF THE 8TH |
Greensboro Grasshoppers batting - Pitching for West Virginia Power : RHP Eric Bourque
|
Pitching: RHP James Cornette
|
|
Now in RF: Roberto Guzman
|
|
Batting: RHB J.D. Vander Klok
|
0-0: Ball 1-0: DOUBLE (Groundball, 5L, EV 105.0 MPH)
|
Batting: LHB David Doge
|
0-0: Called Strike 0-1: SINGLE (Line Drive, 9S, EV 102.5 MPH) J.D. Vander Klok to third
|
Batting: RHB Akira Suzuki
|
0-0: Ball 1-0: Ball 2-0: Fly out, F9 (Flyball, 9, EV 88.1 MPH)
|
Batting: RHB Manuel Taveras
|
0-0: Foul Ball, location: 2F 0-1: Called Strike 0-2: Strikes out swinging
|
Batting: SHB Matt Moore
|
0-0: Ball 1-0: Ball 2-0: Called Strike 2-1: Foul Ball, location: 2F 2-2: Ball 3-2: Strikes out looking
|
Bottom of the 8th over - 0 runs, 2 hits, 0 errors, 2 left on base; West Virginia 4 - Greensboro 3 |
TOP OF THE 9TH |
West Virginia Power batting - Pitching for Greensboro Grasshoppers : LHP Bryan Wedge
|
Pitching: RHP Joe Lynn
|
|
Batting: LHB Donald Imre
|
0-0: Ball 1-0: Fly out, F6 (Line Drive, 6M, EV 65.6 MPH)
|
Batting: RHB Perry Dominey
|
0-0: Called Strike 0-1: Ball 1-1: Swinging Strike 1-2: Ground out 6-3 (Groundball, 6, EV 76.2 MPH)
|
Batting: LHB Randy Boone
|
0-0: SINGLE (Groundball, 6, EV 100.6 MPH)
|
Batting: RHB Mike Velazquez
|
0-0: Ball 1-0: Called Strike Randy Boone steals 2nd base (no throw) 1-1: Ball 2-1: Called Strike 2-2: Ground out 5-3 (Groundball, 56, EV 76.2 MPH)
|
Top of the 9th over - 0 runs, 1 hit, 0 errors, 1 left on base; West Virginia 4 - Greensboro 3 |
BOTTOM OF THE 9TH |
Greensboro Grasshoppers batting - Pitching for West Virginia Power : RHP James Cornette
|
Pitching: RHP Joe Simanton
|
|
Batting: RHB Nate Crofts
|
0-0: Ball 1-0: Ground out 6-3 (Groundball, 6, EV 78.1 MPH)
|
Pinch Hitting: LHB Ryan Karg
|
0-0: Called Strike 0-1: Ball 1-1: Foul Ball, location: 2F 1-2: Strikes out looking
|
Batting: LHB Jose Cabello
|
0-0: Ball 1-0: Ground out U3 (Groundball, 3, EV 85.0 MPH)
|
Bottom of the 9th over - 0 runs, 0 hits, 0 errors, 0 left on base; West Virginia 4 - Greensboro 3 |
|